 Dungeon Crawl Stone Soup version 0.18-a0-1171-ga8e22e7 (webtiles) character file.

12530 4thArraOfDagon the Martial Artist (level 11, -3/99 HPs)
             Began as a Pale Draconian Chaos Knight on Jan 26, 2016.
             Slain by an orc warrior
             ... wielding a +0 hand axe
              (6 damage)
             ... while paralysed by you
             ... on level 2 of the Orcish Mines.
             The game lasted 00:43:11 (6522 turns).

4thArraOfDagon the Martial Artist (DrCK)            Turns: 6522, Time: 00:43:11

Health: -3/99      AC: 11    Str: 18      XL:     11   Next: 63%
Magic:  14/16      EV:  2    Int: 14 (15) God:    Xom [......]
Gold:   379        SH:  0    Dex: 12      Spells: 0 memorised, 10 levels left

rFire  . . .     SeeInvis .       - Unarmed
rCold  + . .     Gourm    .     (armour unavailable)
rNeg   . . .     Faith    .     (no shield)
rPois  .         Spirit   .     G - +1 hat
rElec  .         Dismiss  .     (no cloak)
rCorr  .         Reflect  +     r - +2 pair of gloves
SustAt .         Harm     .     (no boots)
MR     +....                    x - +4 amulet of reflection
Stlth  +.........               C - ring of protection from cold
                                j - ring of stealth

@: paralysed, flying, contaminated, hasted, glowing, invisible (but backlit and
visible), somewhat resistant to hostile enchantments, very unstealthy
A: breathe steam, unfitting armour, hooves 1, clever 1, clumsy 1, deterioration
1, magic resistance 1, strong 2, cold-blooded, AC +7
a: Breathe Steam, Renounce Religion


You were on level 2 of the Orcish Mines.
You worshipped Xom.
You were a very special plaything of Xom.
You were very hungry.

You visited 2 branches of the dungeon, and saw 16 of its levels.
You also visited: Ossuary and Bailey.

You collected 559 gold pieces.
You spent 180 gold pieces at shops.

Inventory:

Hand Weapons
 g - a +5 dagger of venom
 E - a +0 blowgun
 O - the +6 executioner's axe "Leorey" {antimagic, rElec rC+ Str-4 SInv}
   (You took it off an orc warrior in a bailey)

   It disrupts the flow of magical energy around spellcasters and certain
   magical creatures (including the wielder).
   It affects your strength (-4).
   It protects you from cold.
   It insulates you from electricity.
   It lets you see invisible.
 P - a +2 executioner's axe of freezing
Missiles
 i - 2 javelins (quivered)
 u - 5 curare-tipped needles
 F - 40 poisoned needles
Armour
 r - a +2 pair of gloves (worn)
 G - a +1 hat (worn)
Jewellery
 f - an uncursed amulet of faith
 j - a ring of stealth (left hand)
 x - a +4 amulet of reflection (around neck)
 C - a ring of protection from cold (right hand)
Wands
 c - a wand of digging (10/24)
 A - a wand of teleportation (0/9)
 D - a wand of slowing (6/48)
 H - a wand of confusion (0/48)
 K - a wand of hasting (1/9)
 M - a wand of digging (17/24)
 Q - a wand of confusion (6/48)
 R - a wand of flame (35/48)
Scrolls
 e - a scroll of holy word {unknown}
 h - a scroll of fog
 m - 2 scrolls of amnesia
 n - 3 scrolls of enchant armour {unknown}
 p - a scroll of enchant weapon
 s - a scroll of immolation
 t - a scroll of summoning {unknown}
 w - 3 scrolls of fear {unknown}
 y - 3 scrolls of remove curse
 z - 2 scrolls of blinking {unknown}
 B - a scroll of random uselessness {unknown}
Potions
 k - a potion of heal wounds
 l - a potion of might
 q - 3 potions of cure mutation
 v - 2 potions of flight
 J - a potion of beneficial mutation {unknown}
 N - a potion of curing {unknown}
Books
 b - a book of Summonings

   Spells                             Type                      Level
   a - Recall                         Summoning/Translocation      3
   b - Aura of Abjuration             Summoning                    5
   c - Summon Demon                   Summoning                    5
   d - Summon Forest                  Summoning/Translocation      5
   e - Summon Mana Viper              Hexes/Summoning              5
   f - Shadow Creatures               Summoning                    6
 L - a book of Conjurations

   Spells                             Type                      Level
   a - Magic Dart                     Conjuration                  1
   b - Searing Ray                    Conjuration                  2
   c - Dazzling Spray                 Conjuration/Hexes            3
   d - Fulminant Prism                Conjuration/Hexes            4
   e - Iskenderun's Mystic Blast      Conjuration                  4
   f - Iskenderun's Battlesphere      Conjuration/Charms           5
Miscellaneous
 I - a phantom mirror
Comestibles
 a - 9 bread rations
 o - a meat ration


   Skills:
 + Level 10.0 Fighting
 + Level 8.3 Dodging
 * Level 12.6 Unarmed Combat
 + Level 7.2 Evocations


You had 10 spell levels left.
You didn't know any spells.

Dungeon Overview and Level Annotations

Branches:
Dungeon (14/15)            Temple (0/1) D:5            Lair (0/8) D:11
    Orc (2/2) D:11
    Elf: Orc:2       Vaults: D:13-14

Altars:
Ashenzari
Dithmenos
Fedhas
Makhleb
Qazlal
Ru

Shops:
D:6 }

Annotations:
D:10 Psyche
D:11 exclusion: oklob plant
D:12 Maud


Innate Abilities, Weirdness & Mutations

You can breathe blasts of scalding, opaque steam.
Your pale cyan-grey scales are hard (AC +7).
Your body does not fit into most forms of armour.
You are cold-blooded and may be slowed by cold attacks.
You have large cloven feet.
Your mind is acute. (Int +2)
You are clumsy. (Dex -2)
Your body sometimes deteriorates upon taking damage.
You are resistant to hostile enchantments.
Your muscles are very strong. (Str +4)


Message History

The orc warrior is moving more slowly.
The orc warrior hits you with a hand axe!
* * * LOW HITPOINT WARNING * * *
You feel as though your hastened speed will last longer.
You are contaminated with residual magic.
The orc warrior is engulfed in seething chaos.
The orc warrior hits you with a hand axe.
* * * LOW HITPOINT WARNING * * *
You are engulfed in seething chaos.
You become more transparent, but the glow from your magical contamination prevents you from becoming completely invisible.
The orc warrior is engulfed in seething chaos.
The orc warrior seems to speed up.
The orc warrior hits you with a hand axe!
* * * LOW HITPOINT WARNING * * *
You are engulfed in seething chaos.
You become more transparent, but the glow from your magical contamination prevents you from becoming completely invisible.
The orc warrior is engulfed in seething chaos.
The orc warrior hits you with a hand axe.
You die...
Xom snickers!

....oo...oo.........
.#o#.#.#.#.#o......#..
.o....h..o.#..........
..o...ooo.##oo........
...o...o####o..#o....#
#.....### #..........
###### ###..o)......
#.###§o.#.#.
##@#§o..o## ##o##...#
#.## #.## #.# ## #.#
#.# #.# ##


You could see an orc warrior (petrifying).

Vanquished Creatures
  A centaur warrior (D:12)
  A skeletal warrior (D:14)
  A hill giant (D:13)
  An orc knight (Bailey)
  2 gargoyles
  3 centaur skeletons
  3 trolls
  A two-headed ogre (D:14)
  2 wraiths
  Eustachio (D:6)
  3 wyverns
  4 hippogriffs
  A hungry ghost (D:11)
  2 soldier ants (D:12)
  A warg (Orc:1)
  17 orc warriors
  4 ice beasts
  2 sky beasts
  A black bear (D:10)
  2 phantoms
  5 ogres
  7 centaurs
  5 big kobolds
  An elf zombie (Ossuary)
  A giant frog (D:9)
  2 gnoll sergeants (D:11)
  5 killer bees
  4 wights (D:12)
  4 crimson imps
  3 centaur zombies
  2 jellies
  2 quasits
  A human zombie (Ossuary)
  3 giant frog skeletons
  6 hounds
  8 orc wizards
  2 giant frog zombies
  8 orc priests
  2 iguanas
  Jessica (D:3)
  Natasha (thrice) (D:2)
  4 worker ants
  2 hound zombies (Ossuary)
  2 mummies (Ossuary)
  6 adders
  3 gnolls (D:11)
  A shadow imp (D:12)
  An adder skeleton (D:8)
  6 adder zombies
  3 worms
  3 giant geckos
  44 orcs
  3 ball pythons
  2 giant cockroaches
  9 goblins
  2 hobgoblins
  3 jackals (D:6)
  3 quokkas
  6 bats
  A giant gecko skeleton (D:6)
  3 giant newts
  4 goblin zombies (Ossuary)
  2 hobgoblin zombies (Ossuary)
  5 jackal zombies (Ossuary)
  19 kobolds
  An orc zombie (Ossuary)
  4 quokka zombies (Ossuary)
  7 rats
  2 rat zombies (Ossuary)
279 creatures vanquished.

Vanquished Creatures (collateral kills)
  A two-headed ogre (D:9)
  A hungry ghost (D:8)
  An orc warrior (Bailey)
  A centaur (D:9)
  An elf zombie (Ossuary)
  A giant frog (D:8)
  A giant frog zombie (D:8)
  A hound (D:9)
  A centaur zombie (Ossuary)
  A worker ant (D:9)
  A rat zombie (Ossuary)
11 creatures vanquished.

Vanquished Creatures (others)
  An orc warrior (Bailey)
  A big kobold (D:11)
  3 orcs
  A kobold (D:12)
  A bush (D:11)
  5 plants (D:11)
12 creatures vanquished.

Grand Total: 302 creatures vanquished

Notes
Turn   | Place    | Note
--------------------------------------------------------------
     0 | D:1      | 4thArraOfDagon the Draconian Chaos Knight began the quest for the Orb.
     0 | D:1      | Reached XP level 1. HP: 19/19 MP: 1/1
    80 | D:2      | XOM: harmless Hex miscast
   147 | D:1      | Reached XP level 2. HP: 16/26 MP: 2/2
   199 | D:1      | XOM: mild Necr miscast
   271 | D:2      | Reached skill level 4 in Unarmed Combat
   284 | D:2      | HP: 1/25 [goblin/stone (3)]
   414 | D:2      | XOM: harmless Fire miscast
   418 | D:2      | XOM: colour smoke trail
   442 | D:2      | Noticed Natasha
   444 | D:2      | Noticed a crimson imp
   445 | D:2      | Killed Natasha
   445 | D:2      | Reached XP level 3. HP: 16/30 MP: 3/3
   507 | D:2      | Noticed Natasha
   519 | D:2      | Killed Natasha
   519 | D:2      | Reached XP level 4. HP: 10/38 MP: 4/4
   643 | D:2      | Noticed Natasha
   665 | D:2      | Killed Natasha
   665 | D:2      | Reached skill level 5 in Unarmed Combat
   706 | D:2      | XOM: divination: detect creatures
   827 | D:4      | Reached XP level 5. HP: 34/45 MP: 5/5
   860 | D:4      | Found a shadowy altar of Dithmenos.
   861 | D:4      | Found a blossoming altar of Fedhas.
   885 | D:4      | Found a stormy altar of Qazlal.
   919 | D:4      | Found a sacrificial altar of Ru.
   920 | D:4      | Found a burning altar of Makhleb.
   959 | D:3      | Noticed Jessica
   989 | D:3      | Killed Jessica
  1154 | D:4      | You fall through a shaft for 3 floors!
  1164 | D:7      | XOM: give mutations
  1164 | D:7      | Gained mutation: You are resistant to hostile enchantments. [Xom's mischief]
  1164 | D:7      | Gained mutation: Your body sometimes deteriorates upon taking damage. [Xom's mischief]
  1194 | D:7      | Noticed a sky beast
  1205 | D:7      | XOM: blink monster(s)
  1212 | D:7      | Killed a sky beast
  1212 | D:7      | Reached skill level 6 in Unarmed Combat
  1212 | D:7      | Reached XP level 6. HP: 24/52 MP: 6/6
  1269 | D:6      | Noticed Eustachio
  1280 | D:6      | XOM: enchant monster (good)
  1297 | D:6      | Killed Eustachio
  1321 | D:6      | Found Faces's Quality Used Wands.
  1425 | D:6      | Found a sand-covered staircase.
  1431 | Ossuary  | Entered an ossuary
  1442 | Ossuary  | XOM: harmless Necr miscast
  1450 | Ossuary  | XOM: enchant monster (good)
  1452 | Ossuary  | XOM: noise
  1463 | Ossuary  | Reached skill level 5 in Fighting
  1463 | Ossuary  | Reached XP level 7. HP: 60/60 MP: 7/7
  1463 | Ossuary  | Your scales start taking on a pale cyan-grey colour.
  1564 | Ossuary  | XOM: mild Pois miscast
  1621 | Ossuary  | Reached skill level 7 in Unarmed Combat
  1655 | Ossuary  | XOM: divination: detect creatures
  1667 | Ossuary  | XOM: summons friendly chaos spawn
  1748 | D:6      | XOM: give mutations
  1748 | D:6      | Gained mutation: You are highly resistant to hostile enchantments. [Xom's grace]
  1748 | D:6      | Gained mutation: Your mind is acute. (Int +2) [Xom's grace]
  1748 | D:6      | Gained mutation: Your muscles are strong. (Str +2) [Xom's grace]
  1748 | D:6      | Gained mutation: Your muscles are very strong. (Str +4) [Xom's grace]
  1765 | D:6      | XOM: god gift: 10 poisoned arrows
  1783 | D:5      | Entered Level 5 of the Dungeon
  1874 | D:5      | Found a staircase to the Ecumenical Temple.
  1895 | D:5      | Reached XP level 8. HP: 40/69 MP: 8/8
  1916 | D:5      | Lost mutation: You are highly resistant to hostile enchantments. [potion of mutation]
  1916 | D:5      | Gained mutation: You have large cloven feet. [potion of mutation]
  2183 | D:6      | Found a shattered altar of Ashenzari.
  2250 | D:6      | Bought a wand of teleportation (0/9) for 180 gold pieces
  2382 | D:8      | Reached skill level 8 in Unarmed Combat
  2384 | D:8      | XOM: summons 8 friendly demons
  2486 | D:8      | XOM: butterfly on damage
  2491 | D:8      | Reached skill level 5 in Dodging
  2750 | D:8      | Reached skill level 9 in Unarmed Combat
  2790 | D:9      | Found a sacrificial altar of Ru.
  2870 | D:9      | Reached XP level 9. HP: 39/78 MP: 9/9
  2936 | D:9      | XOM: summons 9 friendly demons
  3093 | D:9      | Reached skill level 1 in Evocations
  3231 | D:10     | Entered Level 10 of the Dungeon
  3308 | D:10     | Noticed Psyche
  3354 | D:10     | XOM: fog
  3363 | D:10     | Reached skill level 10 in Unarmed Combat
  3391 | D:10     | XOM: mild Trmt miscast
  3504 | D:10     | XOM: harmless Necr miscast
  3550 | D:10     | XOM: stat loss: -1 Int (13/15)
  3560 | D:10     | Found a flagged portal.
  3574 | Bailey   | Entered a bailey
  3837 | Bailey   | XOM: summons 5 friendly demons
  3864 | Bailey   | XOM: medium Pois miscast
  3951 | Bailey   | XOM: noise
  3955 | Bailey   | Reached XP level 10. HP: 57/87 MP: 12/12
  3992 | Bailey   | Noticed an orc knight
  4024 | Bailey   | Killed an orc knight
  4036 | Bailey   | XOM: harmless Air miscast
  4052 | Bailey   | XOM: harmless Hex miscast
  4111 | Bailey   | Got an ichor-stained executioner's axe {antimagic}
  4165 | Bailey   | Identified the +6 executioner's axe "Leorey" {antimagic, rElec rC+ Str-4 SInv} (You took it off an orc warrior in a bailey)
  4213 | Bailey   | Found a roughly hewn altar of Beogh.
  4237 | D:10     | XOM: enchant monster (bad)
  4443 | D:11     | Noticed a gargoyle
  4484 | D:11     | Killed a gargoyle
  4484 | D:11     | Reached skill level 11 in Unarmed Combat
  4484 | D:11     | Reached skill level 5 in Evocations
  4494 | D:11     | Noticed an oklob plant
  4497 | D:11     | Found a staircase to the Lair.
  4510 | D:11     | XOM: destruction
  4567 | D:11     | XOM: destruction
  4568 | D:11     | XOM: harmless Conj miscast
  4589 | D:11     | XOM: medium Hex miscast
  4619 | D:11     | XOM: confusion (+ monsters)
  4771 | D:11     | Found a staircase to the Orcish Mines.
  4915 | D:12     | Noticed a centaur warrior
  4917 | D:12     | XOM: summons 2 hostile shadow creatures
  4918 | D:12     | Noticed a skeletal warrior
  4918 | D:12     | Noticed a skeletal warrior
  4918 | D:12     | Noticed a skeletal warrior
  4918 | D:12     | Noticed a skeletal warrior
  4921 | D:12     | XOM: polymorph centaur -> jelly
  5080 | D:14     | Identified a scroll of acquirement
  5087 | D:14     | :(
  5091 | D:14     | Noticed a deep elf mage
  5093 | D:14     | XOM: summons 4 hostile shadow creatures
  5094 | D:14     | Noticed a skeletal warrior
  5094 | D:14     | Noticed a skeletal warrior
  5094 | D:14     | Noticed a skeletal warrior
  5095 | D:14     | Noticed a skeletal warrior
  5095 | D:14     | lets just die
  5096 | D:14     | XOM: summons friendly shadow imp
  5215 | D:14     | Noticed a skeletal warrior
  5253 | D:14     | Killed a skeletal warrior
  5253 | D:14     | Reached XP level 11. HP: 9/97 MP: 15/15
  5276 | D:14     | XOM: summons 2 hostile demons
  5310 | D:14     | XOM: confusion
  5316 | D:14     | XOM: divination: detect items
  5345 | D:14     | XOM: summons 2 hostile demons
  5357 | D:14     | XOM: potion effect (might)
  5358 | D:14     | Noticed a skeletal warrior
  5358 | D:14     | Noticed a skeletal warrior
  5358 | D:14     | Noticed a skeletal warrior
  5385 | D:14     | Noticed a green ugly thing
  5386 | D:14     | Noticed a green ugly thing
  5386 | D:14     | Noticed a green ugly thing
  5387 | D:14     | Noticed a green ugly thing
  5387 | D:14     | Noticed a green ugly thing
  5462 | D:13     | XOM: divination: detect items
  5578 | D:12     | Reached skill level 12 in Unarmed Combat
  5722 | D:13     | Noticed a hill giant
  5723 | D:13     | XOM: cast spell 'Ice Form'
  5731 | D:13     | XOM: silly message
  5743 | D:13     | XOM: enchant monster (good)
  5744 | D:13     | XOM: enchant monster (good)
  5748 | D:13     | XOM: cast spell 'Call Canine Familiar'
  5752 | D:13     | XOM: enchant monster (good)
  5755 | D:13     | Killed a hill giant
  5972 | D:11     | Found a blossoming altar of Fedhas.
  6080 | D:12     | Killed a centaur warrior
  6092 | D:12     | Gained mutation: You are clumsy. (Dex -2) [mutagenic meat]
  6132 | D:12     | Noticed Maud
  6196 | Orc:1    | Entered Level 1 of the Orcish Mines
  6198 | Orc:1    | Noticed an orc warlord
  6244 | Orc:1    | Reached skill level 10 in Fighting
  6415 | Orc:1    | XOM: polymorph orc warrior -> big kobold
  6425 | Orc:1    | XOM: severe Divn miscast
  6445 | Orc:1    | XOM: 1-stop teleportation journey
  6453 | Orc:1    | XOM: 1-stop teleportation journey
  6454 | Orc:1    | Noticed an orc knight
  6454 | Orc:1    | XOM: chaos upgrade
  6458 | Orc:2    | Entered Level 2 of the Orcish Mines
  6464 | Orc:2    | Noticed an orc knight
  6510 | Orc:2    | XOM: chaos cloud
  6519 | Orc:2    | Paralysed by you for 5 turns
  6521 | Orc:2    | HP: 3/99 [orc warrior/hand axe (15)]
  6522 | Orc:2    | Slain by an orc warrior

Vault maps used:
D:1:      shiori_arrival_elements
D:2:      nicolae_overflow_hidden_temple, minmay_misc_feat_diagonals,
          grunt_ministairs_8, uniq_natasha
D:3:      first_bread, serial_bayou_pond_a, uniq_robin, uniq_jessica
D:4:      grunt_temple_overflow_open, makhleb_blood_cavern_becter
D:5:      minmay_temple_entry_large_hall
D:6:      kennysheep_mini_moat, nicolae_ossuary_entry_plus,
          nicolae_for_you_no_charge, uniq_eustachio
D:7:      serial_corexii_hall, corexii_hall_statues_s, corexii_hall_statues_s,
          the_bakery, nicolae_gozag_cash_rules_everything_around_me
D:8:      grunt_ministairs_12, gammafunk_pakellas_spire_experiment
D:9:      nemelex_deck, basic_altar
D:10:     enter_bailey_3, uniq_psyche
D:11:     dpeg_oklobed_lair, kennysheep_orc_monster_closet_entryway,
          fedhas_bush_and_centaur_altar
D:12:     uniq_maud
D:13:     david_vaults_5
D:14:     hangedman_decor_points, minmay_misc_feat_five
Orc:2:    st_orc_pillars, nicolae_volcano_entry_two_sided,
          portal_ice_cave_entry_pillars_02
Ossuary:  minmay_ossuary_two_tombs
Bailey:   bailey_polearm_2, bailey

Action                   |  1- 3 |  4- 6 |  7- 9 | 10-12 || total
-------------------------+-------+-------+-------+-------++-------
Melee: Unarmed           |    59 |     3 |   222 |   343 ||   627
       Dagger            |    14 |   112 |   172 |     2 ||   300
 Fire: Blowgun           |       |       |    10 |    35 ||    45
Throw: Javelin           |       |    22 |    18 |     4 ||    44
 Abil: Breathe Steam     |       |       |     6 |    35 ||    41
Evoke: Wand              |       |       |     7 |    15 ||    22
  Use: Potion            |     1 |     2 |     3 |    12 ||    18
       Scroll            |       |    11 |     4 |     8 ||    23
 Stab: Sleeping          |       |     3 |     7 |     1 ||    11
       Paralysed         |       |     1 |       |     1 ||     2
       Distracted        |       |       |     2 |     3 ||     5
       Confused          |       |       |       |     1 ||     1
       Invisible         |       |       |       |     1 ||     1
  Eat: Chunk             |       |     2 |    10 |     9 ||    21
       Beef jerky        |       |       |       |     1 ||     1
       Meat ration       |       |       |       |     1 ||     1
